 Dungeon Crawl Stone Soup version 0.29-a0-892-g2c4c91d9db (webtiles) character file.

Game seed: 12030107254614985438

260 Sabo the Chiller (level 6, 0/51 HPs)
             Began as a Naga Ice Elementalist on July 23, 2022.
             Slain by a gnoll
             ... wielding a +0 spear
              (7 damage)
             ... on level 4 of the Dungeon.
             The game lasted 00:26:41 (3691 turns).

Sabo the Chiller (Naga Ice Elementalist)            Turns: 3691, Time: 00:26:42

Health: 0/51       AC:  4    Str: 10    XL:     6   Next: 17%
Magic:  10/11      EV: 10    Int: 18    God:
Gold:   126        SH:  0    Dex: 11    Spells: 10/11 levels left

rFire   . . .      SeeInvis +   t - staff of cold
rCold   + . .      Faith    .   (no shield)
rNeg    . . .      Spirit   .   f - +1 robe {Will+}
rPois   +          Reflect  .   (no helmet)
rElec   .          Harm     .   w - scarf {shadows}
rCorr   .          Rampage  .   (no gloves)
Will    +....                   (no barding)
Stlth   ++........              (no amulet)
HPRegen 0.17/turn               (no ring)
MPRegen 0.12/turn               (no ring)

@: very slow
A: AC +2, large, see invisible, deformed body, poison resistance, slowness 2,
spit poison 1, naga tail 1
a: Spit Poison


You were on level 4 of the Dungeon.
You visited 1 branch of the dungeon, and saw 4 of its levels.

You collected 126 gold pieces.

Inventory:

Hand Weapons
 c - a +0 mace
 n - a +4 sling of flaming
Missiles
 l - 2 javelins (quivered)
Armour
 a - a +2 robe
 f - a +1 robe of willpower (worn)
 w - a scarf of shadows (worn)
Magical Staves
 q - a staff of death
 t - a staff of cold (weapon)
Wands
 h - a wand of light (2)
 m - a wand of roots (9)
Scrolls
 d - a scroll of butterflies
 j - a scroll of amnesia
 p - a scroll of poison
 r - a scroll of torment {unknown}
 u - 2 scrolls of brand weapon
 x - a scroll of fear {unknown}
Potions
 b - 2 potions of magic
 e - 2 potions of haste {unknown}
 g - a potion of brilliance {unknown}
 i - 2 potions of might {unknown}
 k - 4 potions of curing
 o - a potion of lignification {unknown}
 s - a potion of resistance {unknown}
 v - a potion of berserk rage {unknown}


   Skills:
 + Level 1.4 Fighting
 + Level 0.6 Maces & Flails
 + Level 0.5 Ranged Weapons
 + Level 0.5 Throwing
 + Level 2.2 Dodging
 + Level 3.8 Stealth
 + Level 3.4 Spellcasting
 + Level 5.3 Ice Magic


You had 10 spell levels left.
You knew the following spells:

 Your Spells              Type           Power      Damage    Failure   Level
a - Freeze                Ice            100%       1d11      1%          1

Your spell library contained the following spells:

 Spells                   Type           Power      Damage    Failure   Level
 Frozen Ramparts          Ice            66%        1d8       5%          3
 Ozocubu's Armour         Ice            33%        N/A       5%          3
 Hailstorm                Conj/Ice       19%        3d6       45%         4


Dungeon Overview and Level Annotations

Branches:
Dungeon (4/15)
 Temple: D:4-7

Altars:
Xom

Shops:
D:2 ([


Innate Abilities, Weirdness & Mutations

Your serpentine skin is tough. (AC +2)
You have supernaturally acute eyesight. (SInv)
Armour fits poorly on your strangely shaped body.
Your system is resistant to poisons. (rPois)
You cover ground very slowly.
You can spit poison.
You have a snake-like lower body.


Message History

Unknown command.
You cannot throw/fire anything while held in a net.
Unknown command.
Unknown command.
Unknown command.
You cannot throw/fire anything while held in a net.
Unknown command.
Unknown command.
There are monsters nearby!
Unknown command.
Unknown command.
Unknown command.
Unknown command.
Aiming: Spit Poison (1% risk of failure)
Press: ? - help, Shift-Dir - straight line, f/p - gnoll
Aim: a gnoll, wielding a +0 halberd (65% to hit)
The splash of poison hits the gnoll.
The gnoll is lightly wounded.
The gnoll completely misses you. x2
You feel better.
The gnoll hits you from afar with a +0 spear.
The gnoll hits you from afar with a +0 halberd.
You struggle against the net.
The gnoll hits you from afar with a +0 halberd!
The gnoll barely misses you.
The gnoll hits you from afar with a +0 spear.
You struggle against the net.
The gnoll hits you from afar with a +0 spear!
The gnoll hits you from afar with a +0 spear.
The gnoll hits you from afar with a +0 halberd.
You shred the net and break free!
The gnoll hits you from afar with a +0 spear.
The gnoll misses you.
The gnoll hits you from afar with a +0 halberd.
* * * LOW HITPOINT WARNING * * *
You have got your breath back.
The gnoll hits you with a +0 spear.
* * * LOW HITPOINT WARNING * * *
The gnoll hits you with a +0 spear!
You die...

#######..........<............
#...........##########..
#...........# #..
#...........# #..
#......##'### ###
#......'....# #......#....#
#......####### #######@g....#
#gg....#( #g....... #......#.
#......# #.....(# #......#
#......# .......#


You could see 4 gnolls.

Vanquished Creatures
  Sigmund (D:2)
  Jessica (D:3)
  3 adders (D:4)
  A dart slug (D:1)
  8 ball pythons
  3 endoplasms
  4 giant cockroaches
  3 hobgoblins
  2 kobolds
  A quokka (D:4)
  4 bats
  4 frilled lizards
  9 goblins
  A rat (D:1)
45 creatures vanquished.

Notes
Turn   | Place    | Note
-------+----------+-------------------------------------------
     0 | D:1      | Sabo the Naga Ice Elementalist began the quest for the Orb.
     0 | D:1      | Reached XP level 1. HP: 15/15 MP: 3/3
   403 | D:1      | Reached XP level 2. HP: 16/22 MP: 3/5
  1099 | D:1      | Reached XP level 3. HP: 28/30 MP: 6/6
  1550 | D:2      | Noticed Sigmund
  1564 | D:2      | Killed Sigmund
  1565 | D:2      | Reached skill level 1 in Fighting
  1565 | D:2      | Reached skill level 5 in Ice Magic
  1565 | D:2      | Reached XP level 4. HP: 10/38 MP: 4/8
  1565 | D:2      | Reached XP level 5. HP: 11/44 MP: 4/9
  1906 | D:2      | Found Biwn's Antique Weapon Boutique.
  2108 | D:2      | Found Isyroum's Antique Armour Shoppe.
  2842 | D:3      | Found a shimmering altar of Xom.
  3020 | D:3      | Noticed Jessica
  3029 | D:3      | HP: 1/44 [Jessica/bolt of light (18)]
  3030 | D:3      | Killed Jessica
  3031 | D:3      | Reached XP level 6. HP: 1/51 MP: 9/11
  3691 | D:4      | Slain by a gnoll

Illustrated notes

Levels and vault maps discovered:
D:1:      dpeg_arrival_morbid_curiosity, layout_basic, minmay_misc_feat_hallway,
          amcnicky_mini_corridor_feature
D:2:      layout_rooms, serial_shops, nicolae_shop_behind_doors,
          nicolae_shop_hallway_stairs, minmay_misc_feat_diagonals, st_stairs_4,
          amethyst_killhole, uniq_sigmund
D:3:      layout_rooms, pf_just_have_faith, corexii_item_surrounded_by_moat,
          uniq_jessica
D:4:      layout_gridville, lightli_temple_of_fire, serial_shops, shop,
          minmay_manual_mail, uniq_menkaure

Skill      XL: |  1  2  3 |
---------------+----------+-----
Fighting       | 1 |  1.4
Dodging        | 2 |  2.2
Spellcasting   | 3 |  3.4
Ice Magic      | 5 |  5.3
Maces & Flails | |  0.6
Ranged Weapons | |  0.5
Throwing       | |  0.5
Stealth        | |  3.8

Action                   |  1- 3 |  4- 6 || total
-------------------------+-------+-------++-------
Melee: Mace              |     8 |       ||     8
       Staff             |       |    18 ||    18
 Fire: Sling             |       |     7 ||     7
Throw: Javelin           |     5 |     4 ||     9
 Cast: Freeze            |    22 |    11 ||    33
 Abil: Spit Poison       |    12 |    17 ||    29
  Use: Scroll            |     3 |     8 ||    11
       Potion            |       |     1 ||     1
 Stab: Sleeping          |       |     1 ||     1
Armor: Robe              |    20 |    15 ||    35
Dodge: Dodged            |    27 |    27 ||    54

Table legend: (Time is in decaauts)
 A = Elapsed time spent in this place.
 B = Non-inter-level travel time spent in this place.
 C = Inter-level travel time spent in this place.
 D = Time resting spent in this place.
 E = Time spent auto-exploring this place.
 F = Levels seen in this place.
 G = Mean time per level.
                   A        B        C        D        E       F      G
               +--------+--------+--------+--------+--------+-----+--------+
         Total |   4610 |   4610 |      0 |   1194 |      0 |   4 | 1152.5 |
       Dungeon |   4610 |   4610 |      0 |   1194 |      0 |   4 | 1152.5 |
               +--------+--------+--------+--------+--------+-----+--------+

Top non-repeatable levels by time:
     D:1: 1967 daAuts
     D:3: 1256 daAuts
     D:2: 963 daAuts
     D:4: 422 daAuts
